 Dungeon Crawl Stone Soup version 0.30-b1-2-g02819fbbbe (webtiles) character file.

Game seed: 13866238825733046112

30715 sanka the Brawler (level 13, -10/101 (103) HPs)
             Began as a Human Cinder Acolyte on May 10, 2023.
             Was an Elder of Ignis.
             Engulfed by a death drake's foul pestilence (17 damage)
             ... in a Gauntlet.
             The game lasted 00:49:42 (21888 turns).

sanka the Brawler (Human Cinder Acolyte)           Turns: 21888, Time: 00:49:43

HP:   -10/101 (103) AC: 21    Str: 15    XL:     13   Next: 90%
MP:   16/16         EV: 21    Int: 14    God:    Ignis [****..]
Gold: 1441          SH:  0    Dex: 14    Spells: 1/16 levels left

rFire   + .          .
                       - Unarmed
rCold   . . .        (no shield)
rNeg    + . .        D - +0 steam dragon scales
rPois   .            y - +2 helmet
rElec   .            Q - +2 cloak
rCorr   .            i - +2 pair of gloves {Stlth+}
SInv    .            (no boots)
Will    .....        (no amulet)
Stlth   ++           W - +5 ring of evasion
HPRegen 0.36/turn    O - ring of positive energy
MPRegen 0.15/turn

%: no teleportation
@: lethally poisoned (-10 -> -43), fiery-armoured, slowed, lightly drained, very
slow
A: no striking features
a: Renounce Religion, Fiery Armour, Foxfire Swarm, Rising Flame


You were in a Gauntlet.
You worshipped Ignis.
Ignis was greatly pleased with you.
You visited 2 branches of the dungeon, and saw 14 of its levels.
You also visited: Gauntlet.

You collected 1979 gold pieces.
You spent 538 gold pieces at shops.

Inventory:

Hand Weapons
 u - a +2 short sword of distortion
Missiles
 g - 18 poisoned darts (quivered)
 M - 4 curare-tipped darts {=f}
Armour
 i - a +2 pair of gloves of stealth (worn)
 y - a +2 helmet (worn)
 D - +0 steam dragon scales (worn)
 Q - a +2 cloak (worn)
Magical Staves
 T - a staff of air
Jewellery
 j - a ring of see invisible
 w - a +5 ring of evasion
 O - a ring of positive energy (right hand)
 P - the ring "Eddimol" {rPois rF+}
   (You found it on level 10 of the Dungeon)

   [ring of poison resistance]

   rF:        It protects you from fire.
   rPois:     It protects you from poison.
 W - a +5 ring of evasion (left hand)
Wands
 a - a wand of flame (22)
 r - a wand of roots (3)
 x - a wand of mindburst (10)
 S - a wand of polymorph (7)
Scrolls
 b - 2 scrolls of blinking
 c - a scroll of immolation {!r}
 f - 13 scrolls of teleportation {@r4}
 n - 4 scrolls of silence {!r}
 s - 3 scrolls of poison {!r}
 t - 2 scrolls of noise {!r}
 z - 4 scrolls of fear
 A - 4 scrolls of vulnerability {!r}
 J - a scroll of enchant weapon
 R - a scroll of magic mapping
Potions
 e - 3 potions of magic
 h - 3 potions of ambrosia {unknown}
 m - 3 potions of flight {unknown}
 o - 2 potions of degeneration {unknown}
 p - 3 potions of attraction {!q}
 B - a potion of lignification {unknown}
 E - a potion of invisibility {unknown}
 H - a potion of mutation {unknown}
 I - 2 potions of resistance {unknown}
 N - a potion of berserk rage {!q}
 X - a potion of cancellation {unknown}


   Skills:
 - Level 10.0 Fighting
 - Level 3.0 Polearms
 - Level 10.0 Dodging
 - Level 15.0 Unarmed Combat
 - Level 2.0 Spellcasting
 - Level 5.0 Fire Magic
 + Level 9.5 Air Magic


You had one spell level left.
You knew the following spells:

 Your Spells              Type           Power      Damage    Failure   Level
a - Scorch                Fire           30%        2d6       4%          2
b - Storm Form            Tmut/Air       7%         N/A       100%        7
c - Plasma Beam           Fire/Air       10%        2x1d23    88%         6

Your spell library contained the following spells:

 Spells                   Type           Power      Damage    Failure   Level
 Swiftness                Air            28%        N/A       1%          3
 Cigotuvi's Dreadful Rot  Necr/Pois/Air  20%        N/A       10%         2
 Vhi's Electric Charge    Tloc/Air       28%        N/A       10%         3
 Blink                    Tloc           2%         N/A       34%         2
 Ensorcelled Hibernation  Hex/Ice        2%         N/A       34%         2
 Passwall                 Tmut/Erth      0%         N/A       34%         2
 Ignite Poison            Fire/Tmut/Pois 6%         N/A       36%         3
 Spider Form              Tmut/Pois      1%         N/A       56%         3
 Arcjolt                  Conj/Air       7%         1d17      67%         5
 Freezing Cloud           Conj/Ice/Air   5%         6-21      87%         5
 Anguish                  Hex/Necr       0%         N/A       93%         4
 Manifold Assault         Tloc           1%         N/A       93%         4
 Iskenderun's Battlesphe  Conj           1%         2d6       100%        5
 Iron Shot                Conj/Erth      0%         9d1       100%        6
 Spellforged Servitor     Conj/Summ      0%         N/A       100%        7
 Maxwell's Capacitive Co  Air            14%        ∞         100%        8


Dungeon Overview and Level Annotations

Branches:
Dungeon (11/15)            Temple (0/1) D:6            Lair (3/5) D:10
  Snake (0/4) Lair:3          Orc (0/2) D:9         Gauntlet (1/1)
  Swamp: Lair:2-3    Shoals: Lair:2-3

Altars:
Xom

Shops:
D:5 ?

Annotations:
D:10 exclusion: orange crystal statue
Lair:1 exclusions: hydra and ice statue Gauntlet 13 transporters, exclusion: 2 obsidian statues


Message History

You hit the death drake.
The death drake is almost dead.
* * * LOW HITPOINT WARNING * * *
You feel extremely sick. The death drake breathes miasma at you.
The foul vapour engulfs you!
You are lethally poisoned!
* * * LOW HITPOINT WARNING * * *
Unknown command.
You feel much better.
You are engulfed in dark miasma.
You are more poisoned.
You feel as though you will be slow longer.
* * * LOW HITPOINT WARNING * * *
You feel extremely sick. The death drake barely misses you.
The death drake bites you.
* * * LOW HITPOINT WARNING * * *
You feel better.
You are engulfed in dark miasma.
You are poisoned.
* * * LOW HITPOINT WARNING * * *
You feel extremely sick. The death drake barely misses you.
The death drake bites you.
* * * LOW HITPOINT WARNING * * *
The death drake is burned by your cloak of flames.
The death drake is almost dead.
Blink to where?
Press: ? - help, Dir - move target
As you read the scroll of blinking, it crumbles to dust.
* * * LOW HITPOINT WARNING * * *
You feel very sick. The death drake breathes miasma at you.
The foul vapour misses you.
Okay, then.
Aiming: Mindburst
Press: ? - help, Shift-Dir - straight line, f - death drake
Aim: a death drake (foul pestilence, almost dead, catching its breath, chance to affect: 47%)
The death drake resists with some effort.
You are engulfed in dark miasma.
You are more poisoned.
You feel as though you will be slow longer.
You die...

.#..### ### ###
.#..#8# #8# #8#
.#..###############
.#..............#8#
.#..............####
.#############....≈###
©...........©#.....#8#
##################.###
#....#.#...°.k☼☼@#.#
P#...#.#..##.##°°#.###
©P#..#.#.##ZZ.##°#.#8#
#.P#.#.#.#.....#°#.###
P#.P##.#....©..°°#.#
.P#..#.#.#.....#°#.###
#.P#.#.#.##...##°#.#8#
8#.P##.#..##.##.°#.###
©.#[.#.#..=.©?=..#.#


You could see a death drake (catching breath).

Vanquished Creatures
  Gastronok (Lair:1)
  A centaur warrior (D:10)
  A hydra (D:10)
  3 boulder beetles
  An ogre mage (D:10)
  3 two-headed ogres
  A death yak (Lair:1)
  A death scarab (Gauntlet)
  Sonja (Lair:2)
  Amaemon (Lair:2)
  A bog body (Lair:1)
  A manticore (D:10)
  A cyclops (D:11)
  4 black mambas
  2 cane toads
  A smoke demon (Gauntlet)
  An orange demon (Lair:2)
  5 rime drakes (Lair:1)
  Maggie (D:6)
  An unseen horror (D:11)
  A kobold demonologist (D:8)
  2 komodo dragons
  5 trolls
  5 polar bears
  Grinder (D:3)
  A hornet (D:10)
  3 blink frogs
  4 wyverns
  3 shadows
  A wraith (D:11)
  28 yaks
  2 vampires
  A spectral komodo dragon (Gauntlet)
  A steam dragon (Lair:2)
  A death yak simulacrum (Lair:1)
  A harpy simulacrum (Lair:1)
  2 nagas (Lair:3)
  An acid dragon (D:8)
  6 water moccasins
  8 orc warriors
  An ice beast (D:8)
  7 black bears
  5 ogres
  8 wolves
  2 centaurs
  2 kobold brigands
  A phantom (D:8)
  Blork the orc (D:5)
  9 bullfrogs
  3 gnoll sergeants
  A cane toad simulacrum (Lair:1)
  7 scorpions
  8 wights
  A troll zombie (D:9)
  5 killer bees
  5 howler monkeys
  4 crimson imps (Gauntlet)
  A hound (D:7)
  A gnoll bouda (D:6)
  3 orc priests
  A jelly (D:4)
  A sleepcap (D:5)
  Terence (D:3)
  An iguana (D:5)
  9 orc wizards
  2 spriggan simulacra (Lair:1)
  A wolf simulacrum (Lair:1)
  7 ogre zombies (D:9)
  17 gnolls
  10 adders
  2 white imps
  3 worms
  5 dart slugs
  50 orcs
  6 endoplasms
  4 giant cockroaches
  9 goblins
  2 hobgoblins (D:4)
  8 jackals
  2 quokkas
  5 ball pythons
  6 bats
  A frilled lizard (D:2)
  3 goblin skeletons (D:9)
  A goblin zombie (D:9)
  3 hobgoblin skeletons (D:9)
  3 hobgoblin zombies (D:9)
  11 kobolds
  An orc skeleton (D:9)
  14 orc zombies (D:9)
  4 rats
377 creatures vanquished.

Vanquished Creatures (others)
  15 fungi (Lair:2)
  16 plants
31 creatures vanquished.

Grand Total: 408 creatures vanquished

Notes
Turn   | Place    | Note
-------+----------+-------------------------------------------
     0 | D:1      | sanka the Human Cinder Acolyte began the quest for the Orb.
     0 | D:1      | Reached XP level 1. HP: 18/18 MP: 2/2
   159 | D:1      | Reached XP level 2. HP: 24/24 MP: 4/4
   165 | D:1      | Learned a level 2 spell: Scorch
   547 | D:1      | Reached XP level 3. HP: 29/29 MP: 2/5
  1020 | D:2      | Found a faded altar of an unknown god.
  1248 | D:2      | Identified the +4 hand axe of Circular Logic {chaos, rC+
                  | Dex+3}
  1351 | D:2      | Reached XP level 4. HP: 35/35 MP: 2/7
  2437 | D:3      | Identified the +2 leather armour "Sirasibb" {+Blink Will++
                  | Regen+ Int-5}
  2495 | D:3      | Reached XP level 5. HP: 41/41 MP: 8/8
  2631 | D:3      | Reached skill level 5 in Fire Magic
  2913 | D:3      | Reached skill level 1 in Unarmed Combat
  2985 | D:3      | Noticed Terence
  3035 | D:3      | Noticed Grinder
  3113 | D:3      | Killed Grinder
  3114 | D:3      | Reached skill level 4 in Unarmed Combat
  3114 | D:3      | Reached XP level 6. HP: 47/47 MP: 2/9
  3478 | D:4      | Reached XP level 7. HP: 52/52 MP: 5/10
  3739 | D:4      | Reached skill level 5 in Unarmed Combat
  4216 | D:5      | Entered Level 5 of the Dungeon
  4222 | D:5      | Noticed Blork the orc
  4223 | D:5      | Reached skill level 6 in Unarmed Combat
  4305 | D:5      | Killed Blork the orc
  4519 | D:5      | Noticed a water moccasin
  4526 | D:5      | Killed a water moccasin
  4527 | D:5      | Reached skill level 7 in Unarmed Combat
  4527 | D:5      | Reached XP level 8. HP: 51/58 MP: 2/11
  5094 | D:5      | Found a shimmering altar of Xom.
  5110 | D:5      | Found Xogisegg's Magic Scroll Boutique.
  5118 | D:5      | Bought a scroll of blinking for 97 gold pieces
  5118 | D:5      | Bought a scroll of fear for 52 gold pieces
  5118 | D:5      | Bought a scroll of identify for 26 gold pieces
  5118 | D:5      | Bought a scroll of noise for 13 gold pieces
  5118 | D:5      | Bought a scroll of identify for 26 gold pieces
  5122 | D:5      | Identified a scroll of acquirement
  5124 | D:5      | Acquired 1081 gold pieces
  5126 | D:5      | Bought a scroll of enchant armour for 97 gold pieces
  5126 | D:5      | Bought a scroll of immolation for 52 gold pieces
  5126 | D:5      | Bought a scroll of torment for 123 gold pieces
  5126 | D:5      | Bought a scroll of vulnerability for 52 gold pieces
  5397 | D:3      | Killed Terence
  5652 | D:5      | Reached skill level 8 in Unarmed Combat
  6470 | D:6      | Noticed Maggie
  6479 | D:6      | Killed Maggie
  6480 | D:6      | Reached skill level 9 in Unarmed Combat
  6580 | D:5      | Reached XP level 9. HP: 13/63 MP: 2/12
  7000 | D:5      | Reached skill level 10 in Unarmed Combat
  7058 | D:6      | Reached skill level 1 in Dodging
  7176 | D:6      | Found a staircase to the Ecumenical Temple.
  8277 | D:6      | Reached skill level 5 in Fighting
  9030 | D:7      | Reached XP level 10. HP: 76/76 MP: 6/13
  9205 | D:7      | Reached skill level 5 in Dodging
 11461 | D:9      | Found a staircase to the Orcish Mines.
 11665 | D:9      | Noticed a two-headed ogre
 11681 | D:9      | Killed a two-headed ogre
 11682 | D:9      | Reached XP level 11. HP: 52/87 MP: 4/14
 12572 | D:10     | Entered Level 10 of the Dungeon
 12776 | D:10     | Noticed a two-headed ogre
 12868 | D:9      | Killed a two-headed ogre
 13001 | D:10     | Noticed an orange crystal statue
 13502 | D:10     | Reached skill level 10 in Fighting
 13681 | D:10     | Noticed an ogre mage
 13681 | D:10     | Noticed a centaur warrior
 13687 | D:10     | Killed an ogre mage
 13692 | D:10     | Noticed a manticore
 13702 | D:10     | Killed a centaur warrior
 13703 | D:10     | Reached skill level 10 in Dodging
 13705 | D:10     | Killed a manticore
 14593 | D:10     | Found a staircase to the Lair.
 14716 | D:10     | Reached skill level 11 in Unarmed Combat
 14958 | D:10     | Reached XP level 12. HP: 66/97 MP: 15/15
 15163 | D:10     | Noticed a six-headed hydra
 15163 | D:10     | Noticed a boulder beetle
 15182 | D:10     | Killed a six-headed hydra
 15199 | D:10     | Killed a boulder beetle
 15208 | D:10     | Identified the ring "Eddimol" {rPois rF+}
 15461 | D:10     | Found a staircase to the Lair.
 15523 | D:10     | Reached skill level 12 in Unarmed Combat
 16584 | D:11     | Noticed a two-headed ogre
 16594 | D:11     | Killed a two-headed ogre
 16996 | D:11     | Reached skill level 13 in Unarmed Combat
 17149 | Lair:1   | Entered Level 1 of the Lair of Beasts
 17561 | Lair:1   | Found the +0 toga "Victory" {*Victory Clar}
 17688 | Lair:1   | Noticed Gastronok
 17705 | Lair:1   | Killed Gastronok
 17706 | Lair:1   | Reached skill level 14 in Unarmed Combat
 17726 | Lair:1   | Noticed a seven-headed hydra
 18393 | Lair:1   | Reached XP level 13. HP: 62/103 MP: 16/16
 18630 | Lair:1   | Reached skill level 15 in Unarmed Combat
 18819 | Lair:1   | Learned a level 7 spell: Storm Form
 18849 | Lair:1   | Reached skill level 1 in Air Magic
 18921 | Lair:1   | Learned a level 6 spell: Plasma Beam
 19670 | Lair:2   | Noticed Sonja
 19697 | Lair:2   | Killed Sonja
 19698 | Lair:2   | Reached skill level 5 in Air Magic
 20027 | Lair:2   | Noticed Amaemon
 20048 | Lair:2   | Noticed a seven-headed hydra
 20253 | Lair:2   | Killed Amaemon
 20787 | Lair:2   | You fall into a shaft and drop 1 floor!
 20940 | Lair:3   | Found a staircase to the Snake Pit.
 20982 | Lair:3   | Found a gate leading to a gauntlet.
 21053 | Gauntlet | Entered a Gauntlet
 21053 | Gauntlet | Found a transporter.
 21115 | Gauntlet | Found a transporter.
 21125 | Gauntlet | Found a transporter.
 21130 | Gauntlet | Found a transporter.
 21145 | Gauntlet | Found a transporter.
 21164 | Gauntlet | Found a transporter.
 21176 | Gauntlet | Found a transporter.
 21188 | Gauntlet | Found a transporter.
 21200 | Gauntlet | Found a transporter.
 21205 | Gauntlet | Noticed a green death
 21206 | Gauntlet | Found a transporter.
 21206 | Gauntlet | Found a transporter.
 21221 | Gauntlet | Found a transporter.
 21225 | Gauntlet | Noticed a quicksilver ooze
 21238 | Gauntlet | Found a transporter.
 21277 | Gauntlet | Found a transporter.
 21277 | Gauntlet | Found the +8 frozen axe "Frostbite" {freeze, freezing
                  | cloud, *Noise Fly rC+}
 21302 | Gauntlet | Found a transporter.
 21304 | Gauntlet | Found a transporter.
 21324 | Gauntlet | Found a transporter.
 21402 | Gauntlet | Found a transporter.
 21888 | Gauntlet | Engulfed by a death drake's foul pestilence

Illustrated notes

Levels and vault maps discovered:
D:1:      minmay_arrival_glassed_features, layout_basic
D:2:      layout_basic, basic_ecumenical_altar, fountainhead
D:3:      layout_basic, nrook_mini_backslash, minivault_24, uniq_grinder,
          uniq_terence
D:4:      cheibrodos_helix_gallery, layout_rooms
D:5:      layout_basic, kennysheep_mini_moat, serial_shops, shop,
          serial_co_window_serial, co_window_of_opportunity_a,
          co_window_of_opportunity_a, co_window_paths_a,
          co_window_of_opportunity_a, co_window_paths_b, co_window_broadway_c,
          co_window_broadway_b, co_window_unsneaky_path_a, co_window_broadway_b,
          co_window_4corner_a, glass_columns_c, glass_columns_a,
          glass_columns_a, dk_noncrumbling_4, uniq_blork_the_orc
D:6:      layout_loops_ring, minmay_temple_entry_grid,
          minmay_fractal_squares_diagonal_5, uniq_maggie
D:7:      layout_gridville
D:8:      layout_loops_cross, corexii_leaking_fountain
D:9:      layout_irregular_city, zombieorc2_lemuel
D:10:     nzn_winding_woodlands_cross [nzn_winding_woodlands_5x15_split_checker,
          nzn_winding_woodlands_5x15_sawtooth,
          nzn_winding_woodlands_5x15_longhouse, nzn_winding_woodlands_5x15_pool,
          nzn_winding_woodlands_15x15_boxy_spiral], layout_cave_pools,
          special_room [special_room_orc], minivault_20, minivault_16,
          st_stairs_6
D:11:     layout_rooms
Lair:1:   dreamdust_isle_of_ice, layout_regular_city,
          dreamdust_mushroom_princess, chequers_serial_rivers_small_3,
          grunt_megastairs_3, lemuel_fruit_fields, uniq_gastronok
Lair:2:   beast_lair_carwin_large_3, layout_cave_pods, grunt_megastairs_2,
          infiniplex_staircase_pool_2, uniq_amaemon, uniq_sonja
Lair:3:   layout_cave_pods, minmay_shoals_entry_hut,
          guppyfry_snake_entry_garden, gauntlet_entry_generic, st_stairs_4,
          columned_hall_lemuel
Gauntlet: gammafunk_gauntlet_one_two_three [gammafunk_gauntlet_arena_grid,
          nicolae_gauntlet_arena_t_cross, nicolae_gauntlet_arena_grate_2,
          gammafunk_gauntlet_arena_teeth, nicolae_gauntlet_arena_quarters,
          gammafunk_gauntlet_arena_open, gammafunk_gauntlet_arena_hedges,
          gammafunk_gauntlet_arena_arrow_garden,
          gammafunk_gauntlet_arena_split_diamond,
          dreamdust_gauntlet_exit_labyrinth]

Skill      XL: |  1  2  3  4  5  6  7  8  9 10 11 12 13 |
---------------+----------------------------------------+-----
Spellcasting   | 2 |  2.0
Fire Magic     | 4 5 |  5.0
Unarmed Combat | 4 7 9 10 11 14 15 | 15.0
Dodging        | 4 7 10 | 10.0
Fighting       | 5 8 10 | 10.0
Air Magic      | 9 |  9.5
Polearms       | |  3.0

Action                     |  1- 3 |  4- 6 |  7- 9 | 10-12 | 13-15 || total
---------------------------+-------+-------+-------+-------+-------++-------
  Melee: Spear             |   103 |    52 |    21 |       |       ||   176
         Unarmed           |       |       |    79 |   591 |   415 ||  1085
         Trident           |       |       |    11 |       |       ||    11
         Punch             |       |       |     5 |    50 |    55 ||   110
  Throw: Dart              |       |     2 |     8 |    13 |     5 ||    28
   Cast: Scorch            |    11 |    31 |   164 |   170 |    26 ||   402
 Invoke: Fiery Armour      |       |     1 |       |     2 |     1 ||     4
  Evoke: Wand              |       |       |       |     6 |     6 ||    12
    Use: Scroll            |       |       |     8 |    10 |     2 ||    20
         Potion            |       |       |     1 |     1 |     3 ||     5
   Stab: Sleeping          |     3 |     5 |     5 |     1 |       ||    14
         Distracted        |       |       |       |     1 |       ||     1
 Armour: Robe              |    21 |    17 |    20 |       |       ||    58
         Leather armour    |       |     1 |       |       |       ||     1
         Steam dragon scal |       |       |    43 |   153 |   129 ||   325
  Dodge: Dodged            |    42 |    24 |   184 |   574 |   542 ||  1366
